 Dungeon Crawl Stone Soup version 0.30-a0-263-ge22c4ad894 (webtiles) character file.

Game seed: 2383951293416950126

48 brknglss the Slasher (level 3, -3/31 HPs)
             Began as a Gnoll Reaver on Oct 13, 2022.
             Killed by nerve-wracking pain
             ... invoked by Grinder
              (11 damage)
             ... on level 2 of the Dungeon.
             The game lasted 00:03:51 (1999 turns).

brknglss the Slasher (Gnoll Reaver)                 Turns: 1999, Time: 00:03:52

Health: -3/31      AC:  7    Str: 11    XL:     3   Next: 72%
Magic:  9/9        EV: 12    Int: 14    God:
Gold:   73         SH:  0    Dex: 10    Spells: 11/12 levels left

rFire   . . .      SeeInvis .    a - +0 falchion
rCold   . . .      Faith    .    (no shield)
rNeg    . . .      Spirit   .    b - +0 leather armour
rPois   .          Reflect  .    (no helmet)
rElec   .          Harm     .    (no cloak)
rCorr   .          Rampage  .    (no gloves)
Will    .....                    (no boots)
Stlth   +.........               (no amulet)
HPRegen 0.25/turn                k - +4 ring of protection
MPRegen 0.11/turn                (no ring)

@: no status effects
A: fangs 1, strong nose, distributed training
a: no special abilities


You were on level 2 of the Dungeon.
You visited 1 branch of the dungeon, and saw 3 of its levels.

You collected 73 gold pieces.

Inventory:

Hand Weapons
 a - a +0 falchion (weapon)
Armour
 b - a +0 leather armour (worn)
Jewellery
 c - a ring of ice
 k - a +4 ring of protection (left hand)
Scrolls
 e - a scroll of immolation {unknown}
 f - a scroll of teleportation {unknown}
 j - 3 scrolls of identify {unknown}
 l - a scroll of vulnerability {unknown}
 m - a scroll of enchant weapon {unknown}
 o - 2 scrolls of brand weapon {unknown}
 p - a scroll of summoning {unknown}
Potions
 d - a potion of degeneration {unknown}
 g - a potion of haste {unknown}
 h - a potion of magic {unknown}
 i - a potion of curing {unknown}
 n - a potion of cancellation {unknown}


   Skills:
 + Level 4.6 Fighting
 + Level 1.0 Short Blades
 + Level 6.5 Long Blades
 + Level 1.0 Axes
 + Level 1.0 Maces & Flails
 + Level 1.0 Polearms
 + Level 1.0 Staves
 + Level 1.0 Ranged Weapons
 + Level 1.0 Throwing
 + Level 1.0 Armour
 + Level 4.6 Dodging
 + Level 1.0 Stealth
 + Level 1.0 Shields
 + Level 1.0 Unarmed Combat
 + Level 5.0 Spellcasting
 + Level 5.4 Conjurations
 + Level 0.7 Hexes
 + Level 0.7 Summonings
 + Level 0.7 Necromancy
 + Level 0.7 Translocations
 + Level 0.7 Transmutations
 + Level 0.7 Fire Magic
 + Level 0.7 Ice Magic
 + Level 0.7 Air Magic
 + Level 0.7 Earth Magic
 + Level 0.7 Poison Magic
 + Level 1.0 Invocations
 + Level 1.0 Evocations


You had 11 spell levels left.
You knew the following spells:

 Your Spells              Type           Power      Damage    Failure   Level
a - Kiss of Death         Conj/Necr      48%        2d9       6%          1

Your spell library contained the following spells:

 Spells                   Type           Power      Damage    Failure   Level
 Momentum Strike          Conj/Tloc      24%        3d8       10%         2
 Hailstorm                Conj/Ice       12%        3d5       19%         3


Dungeon Overview and Level Annotations

Branches:
Dungeon (3/15)

Altars:
Wu Jian

Annotations:
D:2 Grinder


Innate Abilities, Weirdness & Mutations

You have very sharp teeth.
Your uncanny sense of smell can sniff out nearby items.
Your experience applies equally to all skills.


Message History

Grinder gestures at you.
You shrug off the repeated paralysis!
There is a stone staircase leading up here.
Grinder blinks!
You climb upwards.
There is a stone staircase leading down here.
You start resting.
HP restored.
You climb downwards.
Level annotation: Grinder
There is a stone staircase leading up here.
You see here a bat skeleton.
Grinder gestures at you.
You suddenly lose the ability to move!
Grinder hits you!
You writhe in agony.
Grinder hits you but does no damage.
You can move again.
You closely miss Grinder.
Grinder is lightly wounded.
Grinder closely misses you.
There is a stone staircase leading up here.
Grinder gestures at you. Pain shoots through your body!
You climb upwards.
There is a stone staircase leading down here.
You hit Grinder. Your bite misses Grinder.
Grinder is lightly wounded.
Grinder hits you.
You writhe in agony.
* * * LOW HITPOINT WARNING * * *
You hit Grinder.
Grinder is moderately wounded.
Grinder barely misses you.
You barely miss Grinder.
Grinder is moderately wounded.
Grinder hits you but does no damage.
You closely miss Grinder.
Grinder is moderately wounded.
Grinder gestures at you. Pain shoots through your body!
You die...

#.# #........#..#.#######
#.###...##.####.#..##....
#..........# #.....#.##. ##
#(....#.#### #.....#.##. .#
##...##.# #.._....... .#
######.## ##.....#.### .######
#...# #..........# ..(...# #[..#
#...#.#..... #####.# #..@#
#..##.#.##.# ..###.#
#.5.#####..##......# ...†..#
######..^##.......##.#..#
..##..###...............#.##....#
)###.....>...................##..
## ##.###.............###.##.####
#.# ####.#...#..#####.##.# # #.#
#.#...#........##.#### #####.#
#.......######.......#


You could see Grinder.

Vanquished Creatures
  An adder (D:2)
  A worm (D:2)
  3 dart slugs
  5 ball pythons
  3 bats
  2 endoplasms
  A giant cockroach (D:1)
  4 goblins
  3 hobgoblins
  A frilled lizard (D:2)
  2 kobolds (D:1)
  4 rats
30 creatures vanquished.

Notes
Turn   | Place    | Note
-------+----------+-------------------------------------------
     0 | D:1      | brknglss the Gnoll Reaver began the quest for the Orb.
     0 | D:1      | Reached XP level 1. HP: 20/20 MP: 6/6
   103 | D:1      | Reached XP level 2. HP: 26/26 MP: 7/7
   616 | D:1      | Found a faded altar of an unknown god.
   914 | D:2      | Reached skill level 5 in Spellcasting
   914 | D:2      | Reached XP level 3. HP: 31/31 MP: 7/9
  1192 | D:2      | Reached skill level 1 in Invocations
  1283 | D:2      | Found an ornate altar of the Wu Jian Council.
  1451 | D:2      | Reached skill level 1 in Short Blades
  1451 | D:2      | Reached skill level 1 in Axes
  1451 | D:2      | Reached skill level 1 in Maces & Flails
  1451 | D:2      | Reached skill level 1 in Polearms
  1451 | D:2      | Reached skill level 1 in Staves
  1451 | D:2      | Reached skill level 1 in Ranged Weapons
  1451 | D:2      | Reached skill level 1 in Throwing
  1451 | D:2      | Reached skill level 1 in Armour
  1451 | D:2      | Reached skill level 1 in Stealth
  1451 | D:2      | Reached skill level 1 in Shields
  1451 | D:2      | Reached skill level 1 in Unarmed Combat
  1451 | D:2      | Reached skill level 1 in Evocations
  1600 | D:3      | Noticed Grinder
  1603 | D:3      | Noticed a scorpion
  1826 | D:3      | Paralysed by Grinder for 2 turns
  1900 | D:3      | Paralysed by Grinder for 4 turns
  1915 | D:3      | Paralysed by Grinder for 4 turns
  1986 | D:3      | Paralysed by Grinder for 3 turns
  1999 | D:2      | Killed from afar by Grinder

Illustrated notes

Levels and vault maps discovered:
D:1:      scummos_arrival_simple_crosswalls, layout_loops_corners,
          shapermc_ecumenical_altar_hornbeckon, grunt_decor_cap
D:2:      layout_loops_cross, basic_altar
D:3:      layout_loops_cross, nicolae_vehumet_radiance, uniq_natasha,
          uniq_grinder

Skill      XL: |  1  2  3 |
---------------+----------+-----
Spellcasting   | 5 |  5.0
Invocations    | 1 |  1.0
Short Blades   | 1 |  1.0
Axes           | 1 |  1.0
Maces & Flails | 1 |  1.0
Polearms       | 1 |  1.0
Staves         | 1 |  1.0
Ranged Weapons | 1 |  1.0
Throwing       | 1 |  1.0
Armour         | 1 |  1.0
Stealth        | 1 |  1.0
Shields        | 1 |  1.0
Unarmed Combat | 1 |  1.0
Evocations     | 1 |  1.0
Fighting       | |  4.6
Long Blades    | |  6.5
Dodging        | |  4.6
Conjurations   | |  5.4
Hexes          | |  0.7
Summonings     | |  0.7
Necromancy     | |  0.7
Translocations | |  0.7
Transmutations | |  0.7
Fire Magic     | |  0.7
Ice Magic      | |  0.7
Air Magic      | |  0.7
Earth Magic    | |  0.7
Poison Magic   | |  0.7

Action                   || total
-------------------------++-------
Melee: Falchion          ||   113
       Bite              ||     6
       Punch             ||     2
 Cast: Kiss of Death     ||     1
Armor: Leather armour    ||    38
Dodge: Dodged            ||    76

Table legend: (Time is in decaauts)
 A = Elapsed time spent in this place.
 B = Non-inter-level travel time spent in this place.
 C = Inter-level travel time spent in this place.
 D = Time resting spent in this place.
 E = Time spent auto-exploring this place.
 F = Levels seen in this place.
 G = Mean time per level.
                   A        B        C        D        E       F      G
               +--------+--------+--------+--------+--------+-----+--------+
         Total |   2007 |   1920 |     87 |    305 |   1293 |   3 |  669.0 |
       Dungeon |   2007 |   1920 |     87 |    305 |   1293 |   3 |  669.0 |
               +--------+--------+--------+--------+--------+-----+--------+

Top non-repeatable levels by time:
     D:2: 1051 daAuts
     D:1: 873 daAuts
     D:3: 82 daAuts
